 Dungeon Crawl Stone Soup version 0.19.1-1-g22dce08 (webtiles) character file.

662090 aspy the Conqueror (level 27, -4/323 HPs)
             Began as an Ogre Assassin on Jan 9, 2017.
             Was a High Priest of Trog.
             Killed from afar by Tuer Mod the pandemonium lord (9 damage)
             ... with a chain lightning
             ... on level 8 of the Dungeon.
             The game lasted 06:15:44 (82912 turns).

aspy the Conqueror (Ogre Assassin)                 Turns: 82912, Time: 06:15:46

Health: -4/323     AC: 23    Str: 31    XL:     27
Magic:  28/28      EV: 35    Int: 18    God:    Trog [*****.]
Gold:   1901       SH:  0    Dex: 23    Spells: 0 memorised, 26 levels left

rFire  + + +     SeeInvis +     a - +3 giant club "Skullcrusher" {speed, Str+7}
rCold  + + .     Gourm    .     E - +5 fire dragon scales
rNeg   . . .     Faith    +     (shield currently unavailable)
rPois  +         Spirit   .     (helmet restricted)
rElec  +         Reflect  .     T - +2 cloak {rC+}
rCorr  +         Harm     .     (gloves unavailable)
MR     +....                    (boots unavailable)
Stlth  ++........               w - amulet of faith
                                N - +5 ring of evasion
                                t - ring of Ujaoqidom {rC+ MR- Int+8 SInv}

@: agile, lethally poisoned (-4 -> -10), resistant, very slightly contaminated,
hasted, very quick
A: unfitting armour, clumsy 1, tough skin 1
a: Berserk, Trog's Hand, Brothers in Arms, Burn Spellbooks, Renounce Religion
0: Orb of Zot
}: 3/15 runes: decaying, serpentine, silver


You were on level 8 of the Dungeon.
You worshipped Trog.
Trog was extremely pleased with you.
You were full.

You visited 9 branches of the dungeon, and saw 47 of its levels.
You visited 1 bazaar.
You also visited: Sewer, Ossuary and Ice Cave.

You collected 5602 gold pieces.
You spent 3701 gold pieces at shops.

Inventory:

Hand Weapons
 a - the +3 giant club "Skullcrusher" (weapon) {speed, Str+7}
   (Trog gifted it to you on level 4 of the Realm of Zot)

   Attacks with this weapon are significantly faster.
   It affects your strength (+7).
 b - a +6 blowgun
Missiles
 d - 55 large rocks (quivered)
 G - 13 needles of paralysis
 Q - 29 needles of sleeping
 U - 7 throwing nets
Armour
 E - +5 fire dragon scales (worn)
 T - a +2 cloak of cold resistance (worn)
Rods
 h - a +9 iron rod (9/9)
   (You took it off a deep elf sorcerer on level 5 of the Vaults)
Jewellery
 t - the ring of Ujaoqidom (left hand) {rC+ MR- Int+8 SInv}
   (You found it on level 2 of the Depths)

   [ring of protection from cold]

   It affects your intelligence (+8).
   It protects you from cold.
   It affects your resistance to hostile enchantments.
   It lets you see invisible.
 w - an amulet of faith (around neck)
 K - an uncursed ring of flight
 N - a +5 ring of evasion (right hand)
 S - an uncursed ring of poison resistance
Wands
 f - a wand of hasting (4/9)
 n - a wand of teleportation (3/9)
 o - a wand of teleportation (1/9)
 B - a wand of polymorph (13/24)
 H - a wand of heal wounds (6/9)
 X - a wand of digging (14/24)
Scrolls
 e - a scroll of recharging
 i - 27 scrolls of remove curse
 m - 3 scrolls of magic mapping
 p - 7 scrolls of fear
 q - 3 scrolls of fog
 r - 4 scrolls of teleportation
 y - a scroll of blinking
 A - 3 scrolls of summoning
 P - 2 scrolls of holy word
 R - 5 scrolls of silence
 Y - 3 scrolls of identify
Potions
 j - 5 potions of magic
 k - 5 potions of flight
 l - 18 potions of curing
 F - a potion of cure mutation
 I - 2 potions of heal wounds
 L - a potion of resistance
 M - a potion of cancellation
 O - 2 potions of ambrosia
Miscellaneous
 C - a phial of floods
 D - 3 boxes of beasts
 W - a phantom mirror
Comestibles
 g - 15 bread rations
 s - 3 chunks of flesh
 v - 3 slices of pizza
 z - 72 fruits
 J - 12 beef jerkies
 V - 6 royal jellies


   Skills:
 O Level 27 Fighting
   Level 1.2 Short Blades
 - Level 25.1 Maces & Flails
 - Level 20.0 Throwing
 + Level 16.6 Armour
 + Level 20.7 Dodging
 * Level 13.8 Stealth
   Level 2.1 Shields
 - Level 7.8 Evocations


You had 26 spell levels left.
You didn't know any spells.

Dungeon Overview and Level Annotations

Branches:
Dungeon (15/15)            Temple (1/1) D:5            Lair (6/6) D:8
  Swamp (4/4) Lair:3        Snake (4/4) Lair:4        Slime (0/5) Lair:6
    Orc (2/2) D:10            Elf (0/3) Orc:2        Vaults (5/5) D:14
  Crypt (0/3) Vaults:3     Depths (5/5) D:15            Zot (5/5) Depths:5

Altars:
Ashenzari
Dithmenos
Elyvilon
Fedhas
Kikubaaqudgha
Nemelex Xobeh
Okawaru
Qazlal
Sif Muna
Trog
Uskayaw
Xom
Yredelemnul
The Shining One
Beogh
Jiyva

Shops:
D:5 [   Orc:2 ?(!(   Vaults:3 [   Vaults:5 ?!%}%?%??   Depths:1 (

Portals:
Hell: Depths:1 Depths:2 Depths:3 Depths:4 Depths:5
Abyss: Depths:1 Depths:2 Depths:3 Depths:4
Pandemonium: Depths:3
Ziggurat: Depths:1

Annotations:
D:3 godfroggy's ghost, amateur DsTm
D:12 1 runed door
Lair:1 exclusion: 2 oklob plants
Lair:6 1 runed door, exclusion: door
Swamp:3 Mara
Swamp:4 exclusion: upstairs
Depths:1 exclusion: downstairs


Innate Abilities, Weirdness & Mutations

You are too large for most types of armour.
You have tough skin. (AC +1)
You are clumsy. (Dex -2)


Message History

* * * LOW HITPOINT WARNING * * *
The lightning arc hits Tuer Mod.
Tuer Mod resists.
The lightning arc hits you! You resist.
* * * LOW HITPOINT WARNING * * *
The lightning arc hits Tuer Mod.
Tuer Mod appears unharmed.
The lightning arc hits you! You resist.
* * * LOW HITPOINT WARNING * * *
The lightning arc hits Tuer Mod.
Tuer Mod resists.
The lightning arc hits you! You resist.
* * * LOW HITPOINT WARNING * * *
You feel sick.
There is a stone staircase leading up here.
You feel sick.
Tuer Mod gestures.
You hear a mighty clap of thunder!
The lightning arc hits you! You resist.
* * * LOW HITPOINT WARNING * * *
The lightning arc hits Tuer Mod.
Tuer Mod appears unharmed.
The lightning arc hits you! You resist.
You die...

#..........#.#
#..........#.##### ##
#.......>..#.....#
#.##..........#####.#
#.######'#...# #.#
#.# #.##### #.# #.##
#...# ####.#
#.###.#.# #.&..#
#@....#.# #.####
###&###.# ##.####
#.....# #.....#
#.#######.#.#.#
#.........#...#
#########.##### ###


You could see Tuer Mod.

Vanquished Creatures
  7 orbs of fire
  Mennas (Vaults:4)
  6 ancient liches
  A juggernaut (Depths:3)
  Boris (Vaults:3)
  3 Killer Klowns
  Xtahua (Depths:3)
  Saint Roka (Vaults:4)
  A curse toe (Zot:4)
  2 caustic shrikes (Depths:2)
  6 golden dragons
  The ghost of Alarkh the Executioner, a veteran DsSk of Okawaru (Depths:2)
  The ghost of kae the Bludgeoner, an adept FoFi of Okawaru (Vaults:2)
  27 tentacled monstrosities
  4 liches
  9 quicksilver dragons
  7 titans
  3 acid blobs (Depths:4)
  3 sphinxes
  20 Orb Guardians
  5 death cobs
  2 thorn hunters
  A revenant (Vaults:3)
  11 tengu reavers
  11 storm dragons
  22 shadow dragons
  6 nagarajas (Snake:4)
  3 azure jellies (Depths:4)
  11 draconian monks
  10 fire giants
  13 frost giants
  A juggernaut zombie (Depths:4)
  2 deep elf sorcerers (Vaults:5)
  Aizul (Snake:1)
  12 vault wardens
  5 draconian scorchers
  7 ghost moths
  An iron dragon (Vaults:5)
  2 draconian zealots (Zot:4)
  6 draconian knights
  7 ironheart preservers
  4 draconian shifters
  4 war gargoyles
  3 draconian callers
  5 draconian annihilators
  20 very ugly things
  2 entropy weavers (Depths:2)
  Nessos (Lair:6)
  10 green draconians
  A vampire knight (Depths:1)
  22 stone giants
  6 mottled draconians
  12 white draconians
  10 black draconians
  A deep elf demonologist (Depths:2)
  12 spark wasps
  13 red draconians
  9 yellow draconians
  A deep elf annihilator (Depths:2)
  14 purple draconians
  19 ettins
  3 merfolk javelineers (Depths:4)
  A deep elf death mage (Vaults:1)
  A green death (Zot:1)
  A merfolk impaler (Depths:4)
  A blizzard demon (Depths:3)
  6 death oozes (Depths:4)
  7 jiangshi
  Josephine (D:14)
  18 fire dragons
  3 deep elf high priests
  20 yaktaur captains
  Harold (D:10)
  Erolcha (D:13)
  39 vault guards
  15 naga warriors
  11 great orbs of eyes
  5 spriggan air magi
  16 ice dragons
  6 rakshasas
  A hell beast (Depths:1)
  A ghost crab (Swamp:3)
  18 hydras
  15 centaur warriors
  2 death knights
  Erica (Orc:1)
  The ghost of Vajrapani the Spear-Bearer, a journeyman HuWn of Nemelex Xobeh (D:10)
  6 anacondas
  A dancing weapon (Vaults:5)
  8 deep troll shamans
  6 tengu warriors
  6 vampire magi
  22 ogre magi
  9 deep troll earth magi
  7 alligators
  A hell hog (shapeshifter) (Depths:3)
  3 orc high priests (Orc:2)
  2 death yaks (Depths:4)
  Urug (Lair:2)
  11 shock serpents
  8 hell knights
  A sun demon (D:15)
  Nergalle (D:11)
  5 spriggan berserkers
  18 naga sharpshooters
  14 iron trolls
  A soul eater (Depths:3)
  6 deep elf knights
  A skeletal warrior (Vaults:3)
  2 salamander mystics (Snake:4)
  2 shadow wraiths
  3 sixfirhies
  4 flayed ghosts
  A fire crab (shapeshifter) (Depths:4)
  4 death drakes (Depths:5)
  3 unseen horrors
  31 deep trolls
  A spark wasp zombie (Depths:2)
  A storm dragon skeleton (Depths:4)
  3 spriggan druids
  10 swamp dragons
  7 naga ritualists
  An obsidian statue (Zot:5)
  16 ironbrand convokers
  5 wizards
  5 glowing orange brains
  15 hill giants
  2 shambling mangroves
  12 orc knights
  A tengu zombie (Depths:4)
  5 deep elf archers
  2 lindwurms (Depths:5)
  A hill giant (shapeshifter) (Depths:1)
  3 phantasmal warriors
  5 orc sorcerers
  7 necromancers
  12 mana vipers
  A shining eye (shapeshifter) (Vaults:3)
  A glowing shapeshifter (Depths:2)
  11 deep elf magi
  A shadow dragon skeleton (Depths:4)
  47 ugly things
  10 salamanders
  6 cyclopes
  A cyclops (shapeshifter) (Depths:2)
  A manticore (D:12)
  8 wolf spiders
  A moth of wrath (shapeshifter) (Depths:4)
  5 guardian serpents
  41 black mambas
  2 ice statues (IceCv)
  16 naga magi
  35 moths of wrath
  A black mamba (shapeshifter) (Depths:4)
  18 spiny frogs
  A gargoyle (D:14)
  21 vault sentinels
  A rime drake (shapeshifter) (Depths:3)
  5 spectral swamp worms (Depths:4)
  A demonic crawler (Depths:5)
  5 komodo dragons
  2 spriggan zombies
  9 freezing wraiths
  5 kobold demonologists
  A rime drake (Lair:3)
  An efreet (Zot:1)
  76 yaktaurs
  2 ice devils
  A red devil (Depths:1)
  3 tengu conjurers
  15 polar bears
  A human skeleton (Vaults:3)
  2 wind drakes (shapeshifter)
  A meliai (shapeshifter) (Vaults:5)
  A jumping spider (shapeshifter) (Vaults:1)
  9 trolls
  A polar bear (shapeshifter) (Vaults:4)
  2 tyrant leeches
  2 wind drakes (Depths:5)
  15 hornets
  27 two-headed ogres
  47 slime creatures
  Grinder (D:6)
  11 blink frogs
  2 bog bodies (Swamp:2)
  11 hippogriffs
  A snapping turtle (shapeshifter) (Vaults:2)
  An ettin skeleton (Depths:1)
  4 shadows
  A spriggan (shapeshifter) (Depths:2)
  2 air elementals (Depths:5)
  7 wraiths
  2 tarantellas (shapeshifter)
  70 yaks
  17 spriggans
  A wyvern (shapeshifter) (Vaults:1)
  10 water elementals (Depths:4)
  4 basilisks
  A hog (shapeshifter) (D:15)
  A yak (shapeshifter) (Depths:2)
  A vampire (D:10)
  4 wyverns
  2 golden eyes (shapeshifter)
  4 neqoxecs
  A basilisk (shapeshifter) (Depths:2)
  2 steam dragons (Swamp:4)
  A hungry ghost (D:11)
  A human simulacrum (Vaults:3)
  16 vampire mosquitoes
  Menkaure (D:6)
  A chaos spawn (Depths:1)
  2 soldier ants (shapeshifter)
  24 insubstantial wisps
  7 wargs
  12 swamp worms
  3 mottled dragons
  65 nagas
  A floating eye (Depths:3)
  A soldier ant (D:13)
  20 water moccasins
  8 porcupines
  14 swamp drakes
  8 ice beasts
  38 orc warriors
  5 black bears
  3 eyes of draining
  11 boggarts
  4 sky beasts
  A deep troll simulacrum (Depths:1)
  3 phantoms
  2 necrophages
  48 ogres
  28 wolves
  18 centaurs
  5 big kobolds
  A crocodile (shapeshifter) (Vaults:5)
  16 crocodiles
  14 bullfrogs
  A glowing shapeshifter simulacrum (Depths:1)
  2 gnoll sergeants
  3 wyvern zombies
  A wyvern skeleton (D:14)
  9 killer bees
  8 scorpions
  4 wights
  2 howler monkeys
  An electric eel (Snake:2)
  8 crimson imps
  3 centaur zombies
  6 hounds
  3 bullfrog zombies
  7 jellies
  24 orc priests
  4 centaur skeletons
  3 bullfrog skeletons
  3 iron imps (Depths:3)
  25 orc wizards
  3 iguanas
  16 worker ants
  A hound zombie (Ossuary)
  A hound skeleton (D:7)
  2 worker ant zombies (D:6)
  11 gnolls
  A howler monkey skeleton (D:6)
  23 adders
  6 shadow imps
  A white imp (Depths:3)
  2 ufetubi (Depths:3)
  4 oozes
  3 adder skeletons
  2 worms (D:2)
  3 dart slugs (D:3)
  9 leopard geckos
  94 orcs
  8 bats
  7 giant cockroaches
  6 goblins
  3 hobgoblins
  19 jackals
  10 quokkas
  8 ball pythons
  10 frilled lizards
  A giant cockroach zombie (D:5)
  14 kobolds
  2 quokka skeletons
  2 quokka zombies
  5 rats
  A rat zombie (D:4)
  2 briar patches (Swamp:4)
  A plant (D:8)
2314 creatures vanquished.

Vanquished Creatures (collateral kills)
  Sojobo (Vaults:4)
  An electric golem (Zot:4)
  A tentacled monstrosity (Depths:2)
  A death cob (Zot:1)
  A storm dragon (Zot:1)
  2 shadow dragons
  Donald (Snake:3)
  A ghost moth (Zot:1)
  An orc warlord (Orc:1)
  3 nagarajas
  3 frost giants
  A vault warden (Vaults:4)
  A draconian scorcher (Zot:1)
  2 draconian shifters (Zot:4)
  2 draconian annihilators
  3 ironheart preservers
  A very ugly thing (Depths:2)
  A deep elf demonologist (Vaults:5)
  A white draconian (Zot:2)
  A purple draconian (Depths:5)
  A deep elf high priest (Vaults:5)
  2 great orbs of eyes
  A vault guard (D:14)
  3 yaktaur captains
  2 naga warriors
  An anaconda (Snake:3)
  A death yak (Depths:4)
  An ogre mage (Depths:2)
  A spriggan berserker (Depths:1)
  A spriggan (Swamp:2)
  A salamander mystic (Snake:3)
  A naga ritualist (Snake:4)
  A deep troll (Depths:2)
  An ironbrand convoker (Vaults:2)
  6 ugly things
  An orc knight (Vaults:1)
  2 deep elf magi (Vaults:2)
  2 salamanders (Snake:3)
  A moth of wrath (Zot:1)
  4 black mambas (Snake:4)
  3 vault sentinels (Vaults:2)
  Joseph (D:10)
  2 naga magi
  A rime drake (Lair:4)
  6 yaktaurs
  A polar bear (shapeshifter) (Depths:2)
  A queen bee (shapeshifter) (Vaults:1)
  2 hornets
  A slime creature (Vaults:1)
  5 blink frogs
  A yak (IceCv)
  7 nagas
  2 wargs
  2 water moccasins
  3 ice beasts (Lair:3)
  3 orc warriors
  3 wolves
  A deep troll simulacrum (Vaults:1)
  An orc priest (Orc:1)
  2 orc wizards (Orc:1)
  5 orcs
116 creatures vanquished.

Vanquished Creatures (others)
  A fire giant (Depths:2)
  A fire dragon (Depths:2)
  2 lindwurms (Swamp:4)
  2 moths of wrath (Zot:5)
  A steam dragon (Swamp:4)
  A chaos spawn (D:8)
  3 swamp drakes (Swamp:4)
  2 ogres
  A gnoll (D:8)
  3 briar patches (Swamp:4)
  17 fungi
  24 plants
58 creatures vanquished.

Grand Total: 2488 creatures vanquished

Notes
Turn   | Place    | Note
-------+----------+-------------------------------------------
     0 | D:1      | aspy the Ogre Assassin began the quest for the Orb.
     0 | D:1      | Reached XP level 1. HP: 22/22 MP: 1/1
   430 | D:1      | Reached skill level 3 in Fighting
   436 | D:1      | Reached skill level 1 in Maces & Flails
   438 | D:1      | Reached XP level 2. HP: 20/31 MP: 2/2
  1182 | D:2      | Reached XP level 3. HP: 16/37 MP: 3/3
  1968 | D:2      | Reached XP level 4. HP: 45/45 MP: 4/4
  2496 | D:3      | Noticed godfroggy's ghost (amateur DsTm)
  2643 | D:3      | Reached XP level 5. HP: 52/53 MP: 5/5
  3126 | D:4      | Found a glowing drain.
  3196 | Sewer    | Entered a sewer
  3208 | Sewer    | Reached skill level 5 in Maces & Flails
  3436 | Sewer    | Reached XP level 6. HP: 61/61 MP: 6/6
  3479 | Sewer    | Reached skill level 1 in Dodging
  3591 | D:4      | Found a sand-covered staircase.
  3604 | Ossuary  | Entered an ossuary
  4194 | D:4      | Reached XP level 7. HP: 67/67 MP: 7/7
  4449 | D:5      | Entered Level 5 of the Dungeon
  4568 | D:4      | Reached skill level 4 in Fighting
  5156 | D:5      | Found a staircase to the Ecumenical Temple.
  5163 | D:5      | Found Ufomein's Armour Emporium.
  5165 | Temple   | Entered the Ecumenical Temple
  5174 | Temple   | Became a worshipper of Trog the Wrathful
  5467 | D:5      | Reached skill level 5 in Fighting
  5854 | D:6      | Reached XP level 8. HP: 74/80 MP: 8/8
  5883 | D:6      | Noticed Grinder
  5884 | D:6      | Noticed Menkaure
  6411 | D:6      | Reached skill level 6 in Fighting
  6966 | D:7      | Reached skill level 10 in Maces & Flails
  6997 | D:7      | Reached skill level 1 in Shields
  7231 | D:6      | Reached * piety under Trog
  7295 | D:6      | Reached skill level 1 in Evocations
  7391 | D:6      | Killed Grinder
  7510 | D:6      | Reached XP level 9. HP: 72/89 MP: 9/11
  7653 | D:6      | Killed Menkaure
  9101 | D:7      | Reached ** piety under Trog
  9337 | D:8      | Reached skill level 7 in Fighting
  9704 | D:8      | Noticed a two-headed ogre
 10117 | D:8      | Reached XP level 10. HP: 103/103 MP: 12/12
 10269 | D:8      | Reached skill level 8 in Fighting
 10851 | D:8      | Reached *** piety under Trog
 10975 | D:8      | Gained mutation: You are partially covered in icy blue scales. (AC +2) [potion of beneficial mutation]
 10978 | D:8      | Found a staircase to the Lair.
 11180 | D:9      | Received a gift from Trog
 11205 | D:9      | Reached skill level 9 in Fighting
 11902 | D:10     | Entered Level 10 of the Dungeon
 11918 | D:10     | Noticed a hill giant
 11923 | D:10     | Noticed Joseph
 11939 | D:10     | Killed a hill giant
 11939 | D:10     | Reached skill level 10 in Fighting
 11939 | D:10     | Reached skill level 15 in Maces & Flails
 12027 | D:10     | Noticed Vajrapani's ghost (journeyman HuWn)
 12045 | D:10     | Killed Vajrapani's ghost
 12045 | D:10     | Reached XP level 11. HP: 116/116 MP: 12/14
 12132 | Lair:1   | Entered Level 1 of the Lair of Beasts
 13187 | Lair:1   | Noticed an oklob plant
 13187 | Lair:1   | Noticed an oklob plant
 13405 | Lair:2   | Noticed Urug
 13982 | Lair:1   | Reached skill level 5 in Dodging
 13982 | Lair:1   | Reached skill level 5 in Evocations
 14637 | Lair:2   | Noticed a six-headed hydra
 14645 | Lair:2   | Killed a six-headed hydra
 14647 | Lair:2   | Killed Urug
 14844 | Lair:2   | Reached XP level 12. HP: 125/125 MP: 15/15
 14864 | Lair:2   | Received a gift from Trog
 14867 | Lair:2   | Reached skill level 5 in Throwing
 15365 | Lair:2   | You fall through a shaft for 2 floors!
 15365 | Lair:4   | Found a staircase to the Snake Pit.
 15974 | Lair:4   | Reached **** piety under Trog
 16948 | Lair:3   | Found a frozen archway.
 16998 | IceCv    | Entered an ice cave
 17392 | IceCv    | Reached skill level 11 in Fighting
 17544 | IceCv    | Gained mutation: You can translocate small distances at will. [potion of beneficial mutation]
 17776 | IceCv    | Reached XP level 13. HP: 112/136 MP: 17/17
 17803 | IceCv    | Reached ***** piety under Trog
 18058 | IceCv    | Noticed a frost giant
 18104 | IceCv    | Killed a frost giant
 18348 | IceCv    | Got a dazzling great mace
 18470 | Lair:3   | Identified the +4 great mace of Eternal Vigilance {speed, MR+} (You found it in an ice cave)
 18480 | Lair:3   | Reached skill level 12 in Fighting
 18671 | Lair:3   | Received a gift from Trog
 18728 | Lair:3   | You fall through a shaft!
 19046 | Lair:3   | Found a staircase to the Swamp.
 19651 | Lair:5   | Found a labyrinth entrance.
 20494 | Lair:6   | Entered Level 6 of the Lair of Beasts
 20530 | Lair:6   | Noticed Nessos
 21115 | Lair:6   | Killed Nessos
 21115 | Lair:6   | Received a gift from Trog
 21436 | Lair:6   | Reached XP level 14. HP: 149/149 MP: 19/19
 21650 | Lair:6   | Found a runed door.
 21650 | Lair:6   | Found a viscous altar of Jiyva.
 21651 | Lair:6   | Noticed an acid blob
 21651 | Lair:6   | Noticed an acid blob
 21652 | Lair:6   | Found a staircase to the Slime Pits.
 21658 | Lair:6   | Reached skill level 13 in Fighting
 21761 | Lair:6   | Received a gift from Trog
 21985 | Lair:6   | Received a gift from Trog
 23042 | D:10     | Noticed Harold
 23053 | D:10     | Killed Harold
 23053 | D:10     | Reached skill level 10 in Dodging
 23162 | D:10     | Killed Joseph
 23182 | D:10     | Received a gift from Trog
 23827 | D:10     | Found a roughly hewn altar of Beogh.
 23827 | D:10     | Found a staircase to the Orcish Mines.
 24252 | D:11     | Noticed Nergalle
 24288 | D:11     | Killed Nergalle
 24821 | D:11     | Found a stormy altar of Qazlal.
 25085 | D:12     | Reached skill level 14 in Fighting
 25318 | D:12     | Found a runed door.
 25430 | D:12     | Found a shadowy altar of Dithmenos.
 26344 | D:13     | Found a basalt altar of Yredelemnul.
 26373 | D:13     | Noticed Josephine
 26593 | D:13     | Noticed Erolcha
 26601 | D:13     | Killed Erolcha
 27137 | D:14     | Found a hide-covered altar of Uskayaw.
 27343 | D:14     | Reached XP level 15. HP: 128/164 MP: 20/20
 27426 | D:14     | Found a gate to the Vaults.
 27949 | D:14     | Reached skill level 15 in Fighting
 27999 | D:14     | Killed Josephine
 27999 | D:14     | Received a gift from Trog
 28741 | D:15     | Entered Level 15 of the Dungeon
 29394 | D:15     | Found a staircase to the Depths.
 29477 | D:15     | Found a shattered altar of Ashenzari.
 29567 | D:15     | Received a gift from Trog
 29748 | D:15     | Reached skill level 16 in Fighting
 30273 | Orc:1    | Entered Level 1 of the Orcish Mines
 30598 | Orc:1    | Noticed Erica
 30609 | Orc:1    | Killed Erica
 30713 | Orc:1    | Noticed an orc warlord
 30780 | Orc:1    | Killed an orc warlord
 30905 | Orc:2    | Entered Level 2 of the Orcish Mines
 31057 | Orc:2    | Found a staircase to the Elven Halls.
 31832 | Orc:2    | Received a gift from Trog
 31848 | Orc:2    | Reached XP level 16. HP: 171/179 MP: 21/21
 31908 | Orc:2    | Found Egyn's Weapon Boutique.
 31908 | Orc:2    | Found Panta's Distillery.
 31916 | Orc:2    | Found Ecyc's Antique Weapon Boutique.
 31916 | Orc:2    | Found Nunt's Magic Scroll Shoppe.
 31967 | Orc:2    | Bought a scroll of recharging for 114 gold pieces
 31967 | Orc:2    | Bought a scroll of identify for 24 gold pieces
 31967 | Orc:2    | Bought a scroll of identify for 24 gold pieces
 31967 | Orc:2    | Bought a scroll of summoning for 114 gold pieces
 31967 | Orc:2    | Bought a scroll of fear for 42 gold pieces
 31967 | Orc:2    | Bought a scroll of silence for 90 gold pieces
 31971 | Orc:2    | Bought a potion of agility for 52 gold pieces
 31971 | Orc:2    | Bought 2 potions of agility for 104 gold pieces
 31971 | Orc:2    | Bought a potion of agility for 52 gold pieces
 31971 | Orc:2    | Bought 2 potions of curing for 78 gold pieces
 31971 | Orc:2    | Bought a potion of haste for 130 gold pieces
 31971 | Orc:2    | Bought a potion of curing for 39 gold pieces
 31971 | Orc:2    | Bought a potion of curing for 39 gold pieces
 31971 | Orc:2    | Bought a potion of heal wounds for 65 gold pieces
 32256 | Snake:1  | Entered Level 1 of the Snake Pit
 32358 | Snake:1  | Received a gift from Trog
 32766 | Snake:1  | Reached skill level 17 in Fighting
 33017 | Snake:1  | Noticed Aizul
 33035 | Snake:1  | Killed Aizul
 33035 | Snake:1  | Reached skill level 10 in Throwing
 34001 | Snake:2  | Noticed a nagaraja
 34042 | Snake:2  | Killed a nagaraja
 34201 | Snake:2  | Received a gift from Trog
 36134 | Snake:3  | Noticed Donald
 36168 | Snake:3  | Killed Donald
 36168 | Snake:3  | Received a gift from Trog
 36420 | Snake:3  | Reached XP level 17. HP: 175/193 MP: 22/22
 36554 | Snake:3  | Received a gift from Trog
 36569 | Snake:3  | Reached skill level 18 in Fighting
 37419 | Snake:4  | Entered Level 4 of the Snake Pit
 37486 | Snake:4  | Found an ancient bone altar of Kikubaaqudgha.
 38400 | Swamp:1  | Entered Level 1 of the Swamp
 38619 | Swamp:1  | Received a gift from Trog
 39838 | Swamp:2  | Received a gift from Trog
 40074 | Swamp:2  | Received a gift from Trog
 40256 | Swamp:2  | Received a gift from Trog
 40578 | Swamp:3  | Received a gift from Trog
 40784 | Swamp:3  | Reached skill level 19 in Fighting
 40815 | Swamp:3  | Noticed Mara
 41018 | Swamp:4  | Entered Level 4 of the Swamp
 41143 | Swamp:4  | Received a gift from Trog
 41185 | Swamp:4  | Reached XP level 18. HP: 171/208 MP: 23/23
 41337 | Swamp:4  | Reached skill level 1 in Armour
 41721 | Swamp:4  | Got a ripped robe
 42218 | Swamp:4  | Got a decaying rune of Zot
 42227 | Swamp:4  | Got a slimy golden ring
 42843 | Snake:4  | Received a gift from Trog
 43245 | Snake:4  | Identified the cursed ring "Vierch" {MR+ Str-3} (You found it on level 4 of the Swamp)
 43497 | Snake:4  | Received a gift from Trog
 44120 | Snake:4  | Received a gift from Trog
 44406 | Snake:4  | Reached skill level 20 in Fighting
 44528 | Snake:4  | Got a serpentine rune of Zot
 44539 | Snake:4  | Identified the +2 robe "Hysm" {rElec rN+} (You found it on level 4 of the Swamp)
 44541 | Snake:4  | Reached XP level 19. HP: 219/219 MP: 24/24
 45026 | Vaults:1 | Entered Level 1 of the Vaults
 45437 | Vaults:1 | Received a gift from Trog
 45437 | Vaults:1 | Reached XP level 20. HP: 185/231 MP: 25/25
 45814 | Vaults:1 | Reached skill level 5 in Armour
 46297 | Vaults:1 | Found a gateway to a bazaar.
 46303 | Bazaar   | Entered a bazaar
 46303 | Bazaar   | Found Hacidatt's Antique Weapon Shop.
 46303 | Bazaar   | Found Kitof's Jewellery Shop.
 46321 | Bazaar   | Found Giseag's Antique Armour Emporium.
 46332 | Bazaar   | Found Ashretiva's General Store.
 46340 | Bazaar   | Found Foguen's Magic Scroll Boutique.
 46379 | Bazaar   | Bought a potion of beneficial mutation for 490 gold pieces
 46379 | Bazaar   | Bought a scroll of teleportation for 42 gold pieces
 46379 | Bazaar   | Gained mutation: You have an increased reservoir of magic. (+10% MP) [potion of beneficial mutation]
 46388 | Bazaar   | Bought a scroll of fog for 32 gold pieces
 46388 | Bazaar   | Bought a scroll of fog for 32 gold pieces
 46388 | Bazaar   | Bought a scroll of teleportation for 48 gold pieces
 46388 | Bazaar   | Bought a scroll of silence for 120 gold pieces
 46388 | Bazaar   | Bought a scroll of fear for 56 gold pieces
 46388 | Bazaar   | Bought a scroll of blinking for 120 gold pieces
 46410 | Bazaar   | Bought an uncursed ring of see invisible for 225 gold pieces
 46410 | Bazaar   | Bought an uncursed ring of protection from cold for 375 gold pieces
 46892 | Vaults:2 | Received a gift from Trog
 46931 | Vaults:2 | Noticed kae's ghost (adept FoFi)
 46958 | Vaults:2 | Killed kae's ghost
 46958 | Vaults:2 | Reached skill level 21 in Fighting
 47265 | Vaults:2 | Received a gift from Trog
 47857 | Vaults:2 | Received a gift from Trog
 48779 | Vaults:3 | Noticed Boris
 49417 | Vaults:3 | Reached skill level 22 in Fighting
 49663 | Vaults:3 | Killed Boris
 49783 | Vaults:3 | Received a gift from Trog
 49783 | Vaults:3 | Reached skill level 15 in Dodging
 49922 | Vaults:3 | Reached XP level 21. HP: 226/247 MP: 29/29
 50090 | Vaults:3 | Gained mutation: You have sharp fingernails. [a shining eye]
 50101 | Vaults:3 | Gained mutation: You have a pair of small horns on your head. [a shining eye]
 50313 | Vaults:3 | Received a gift from Trog
 50494 | Vaults:3 | Found Fereudd's Antique Armour Boutique.
 50683 | Vaults:3 | Found a staircase to the Crypt.
 51029 | Vaults:4 | Noticed Mennas
 51046 | Vaults:4 | Killed Mennas
 51205 | Vaults:4 | Noticed Saint Roka
 51238 | Vaults:4 | Received a gift from Trog
 51238 | Vaults:4 | Reached skill level 23 in Fighting
 51279 | Vaults:4 | Killed Saint Roka
 51279 | Vaults:4 | Reached skill level 15 in Throwing
 51421 | Vaults:4 | Noticed Sojobo
 51470 | Vaults:4 | Killed Sojobo
 51800 | Vaults:4 | Received a gift from Trog
 52434 | Vaults:4 | Received a gift from Trog
 52917 | Depths:1 | Entered Level 1 of the Depths
 53018 | Depths:1 | Received a gift from Trog
 53019 | Depths:1 | Got a warped lajatang {god gift}
 53048 | Depths:1 | Found a gateway to Hell.
 53088 | Depths:1 | Found Haashre's Weapon Boutique.
 53129 | Depths:1 | Found a one-way gate to the infinite horrors of the Abyss.
 53433 | Depths:1 | Reached XP level 22. HP: 249/260 MP: 30/30
 53955 | Depths:1 | Found a gateway to a ziggurat.
 54299 | Depths:1 | Received a gift from Trog
 54472 | Depths:2 | Received a gift from Trog
 55328 | Depths:2 | Received a gift from Trog
 55329 | Depths:2 | Got a crude giant spiked club {god gift}
 55766 | Depths:2 | Reached skill level 24 in Fighting
 56348 | Depths:2 | Noticed a caustic shrike
 56349 | Depths:2 | Noticed an ancient lich
 56349 | Depths:2 | Noticed a caustic shrike
 56358 | Depths:2 | Killed a caustic shrike
 56383 | Depths:2 | Noticed an ancient lich
 56387 | Depths:2 | Killed an ancient lich
 56396 | Depths:2 | Killed an ancient lich
 56396 | Depths:2 | Reached XP level 23. HP: 135/271 MP: 31/31
 56401 | Depths:2 | Got a brightly glowing gossamer ring
 56411 | Depths:2 | Received a gift from Trog
 56418 | Depths:2 | Killed a caustic shrike
 56522 | Depths:2 | Noticed Alarkh's ghost (veteran DsSk)
 57031 | Depths:2 | Received a gift from Trog
 57250 | Depths:2 | Killed Alarkh's ghost
 57700 | Depths:3 | Noticed Xtahua
 57735 | Depths:3 | Killed Xtahua
 58166 | Depths:3 | Found a one-way gate leading to the halls of Pandemonium.
 58419 | Depths:3 | Paralysed by a floating eye for 3 turns
 58545 | Depths:3 | Received a gift from Trog
 58731 | Depths:3 | Identified the +6 giant spiked club of Bifokhoa {drain, *Slow rPois rN+ Int+4} (Trog gifted it to you on level 2 of the Depths)
 58908 | Depths:3 | Identified the ring of Ujaoqidom {rC+ MR- Int+8 SInv} (You found it on level 2 of the Depths)
 58928 | Depths:3 | Noticed a juggernaut
 59042 | Depths:3 | Received a gift from Trog
 59162 | Depths:3 | Killed a juggernaut
 59162 | Depths:3 | Reached skill level 25 in Fighting
 59211 | Depths:3 | Reached skill level 10 in Armour
 59701 | Depths:4 | Reached XP level 24. HP: 253/287 MP: 31/31
 59785 | Depths:4 | Received a gift from Trog
 60086 | Depths:4 | Received a gift from Trog
 61227 | Depths:4 | Reached skill level 26 in Fighting
 61902 | Depths:5 | Entered Level 5 of the Depths
 62075 | Depths:5 | Received a gift from Trog
 62183 | Depths:5 | Received a gift from Trog
 63873 | Vaults:5 | Entered Level 5 of the Vaults
 64203 | Vaults:4 | Received a gift from Trog
 64684 | Vaults:3 | Reached XP level 25. HP: 182/301 MP: 31/31
 65031 | Vaults:4 | Reached skill level 27 in Fighting
 65200 | Vaults:4 | Received a gift from Trog
 65545 | Vaults:4 | Received a gift from Trog
 67310 | Vaults:5 | Found Ickeit's Gadget Boutique.
 67388 | Vaults:5 | Bought a wand of teleportation (3/9) for 336 gold pieces
 67640 | Vaults:5 | Received a gift from Trog
 68045 | Vaults:5 | Found Ymmoalouso's Food Boutique.
 68164 | Vaults:5 | Found Quhaky's Distillery.
 68164 | Vaults:5 | Found Miuhu's Magic Scroll Shop.
 68174 | Vaults:5 | Bought a potion of resistance for 140 gold pieces
 68174 | Vaults:5 | Bought a potion of curing for 42 gold pieces
 68174 | Vaults:5 | Bought a potion of might for 56 gold pieces
 68174 | Vaults:5 | Bought a potion of agility for 56 gold pieces
 68174 | Vaults:5 | Bought a potion of agility for 56 gold pieces
 68194 | Vaults:5 | Bought a scroll of enchant weapon for 97 gold pieces
 68194 | Vaults:5 | Bought a scroll of fog for 26 gold pieces
 68245 | Vaults:5 | Found Xeeck's Food Emporium.
 68263 | Vaults:5 | Found Geanijeatopn's Magic Scroll Boutique.
 68268 | Vaults:5 | Got a silver rune of Zot
 68283 | Vaults:5 | Bought a scroll of fear for 70 gold pieces
 68320 | Vaults:5 | Found Gudgh's Magic Scroll Shop.
 68327 | Vaults:5 | Bought a scroll of enchant weapon for 105 gold pieces
 68327 | Vaults:5 | Bought a scroll of enchant armour for 105 gold pieces
 68327 | Vaults:5 | Bought a scroll of enchant armour for 105 gold pieces
 68421 | Vaults:5 | Found Puituck's Food Boutique.
 68421 | Vaults:5 | Found Obielafa's Magic Scroll Shoppe.
 68558 | Vaults:5 | Received a gift from Trog
 68693 | Vaults:5 | Received a gift from Trog
 68753 | Vaults:5 | Reached XP level 26. HP: 280/314 MP: 31/31
 69193 | Vaults:5 | Identified Sif Muna's Guide on Virous Unholy Rituals
 70130 | Depths:5 | Received a gift from Trog
 70216 | Depths:5 | Found a gate to the Realm of Zot.
 70872 | Depths:5 | Received a gift from Trog
 71252 | Depths:5 | Received a gift from Trog
 71253 | Depths:5 | Got a jewelled giant spiked club {god gift}
 71254 | Depths:5 | Identified the +6 giant spiked club "Qadub" {speed, rF+ rN+ MR-} (Trog gifted it to you on level 5 of the Depths)
 71578 | Depths:5 | Paralysed by a great orb of eyes for 5 turns
 71622 | Zot:1    | Entered Level 1 of the Realm of Zot
 72819 | Zot:1    | Noticed an orb of fire
 72844 | Zot:1    | Killed an orb of fire
 72844 | Zot:1    | Reached ****** piety under Trog
 72912 | Zot:1    | Reached XP level 27. HP: 269/323 MP: 31/31
 73136 | Zot:1    | Received a gift from Trog
 74255 | Zot:1    | Received a gift from Trog
 74632 | Zot:1    | Reached skill level 5 in Stealth
 74743 | Zot:2    | Noticed an orb of fire
 74750 | Zot:2    | Gained mutation: You are dopey. (Int -2) [an orb of fire]
 74761 | Zot:2    | Killed an orb of fire
 75801 | Zot:2    | Received a gift from Trog
 77145 | Zot:3    | Reached skill level 15 in Armour
 77187 | Zot:3    | Noticed an orb of fire
 77188 | Zot:3    | Gained mutation: You are very dopey. (Int -4) [an orb of fire]
 77194 | Zot:3    | Lost mutation: You are very dopey. (Int -4) [an orb of fire]
 77206 | Zot:3    | Killed an orb of fire
 77735 | Zot:3    | Received a gift from Trog
 78787 | Zot:4    | Received a gift from Trog
 79016 | Zot:4    | Reached skill level 10 in Stealth
 79965 | Zot:5    | Entered Level 5 of the Realm of Zot
 80210 | Zot:5    | Received a gift from Trog
 80762 | Zot:5    | Noticed an ancient lich
 80766 | Zot:5    | Killed an ancient lich
 80787 | Zot:5    | Noticed an ancient lich
 80789 | Zot:5    | Noticed an orb of fire
 80800 | Zot:5    | Killed an ancient lich
 80800 | Zot:5    | Received a gift from Trog
 80802 | Zot:5    | Gained mutation: You tend to lose your temper in combat. [an orb of fire]
 80805 | Zot:5    | Gained mutation: You occasionally shout uncontrollably at your foes. [an orb of fire]
 80815 | Zot:5    | Killed an orb of fire
 80847 | Zot:5    | Noticed an ancient lich
 80861 | Zot:5    | Killed an ancient lich
 81716 | Zot:5    | Noticed an orb of fire
 81731 | Zot:5    | Gained mutation: Your spells are a little easier to cast, but a little less powerful. [an orb of fire]
 81741 | Zot:5    | Killed an orb of fire
 82057 | Zot:5    | Noticed an ancient lich
 82062 | Zot:5    | Killed an ancient lich
 82170 | Zot:5    | Noticed an orb of fire
 82180 | Zot:5    | Gained mutation: You are occasionally teleported next to monsters. [an orb of fire]
 82182 | Zot:5    | Gained mutation: Your spells are easier to cast, but less powerful. [an orb of fire]
 82187 | Zot:5    | Killed an orb of fire
 82188 | Zot:5    | Lost mutation: You occasionally shout uncontrollably at your foes. [potion of cure mutation]
 82188 | Zot:5    | Lost mutation: You have a pair of small horns on your head. [potion of cure mutation]
 82188 | Zot:5    | Lost mutation: Your spells are easier to cast, but less powerful. [potion of cure mutation]
 82189 | Zot:5    | Lost mutation: You can translocate small distances at will. [potion of cure mutation]
 82189 | Zot:5    | Lost mutation: You are occasionally teleported next to monsters. [potion of cure mutation]
 82189 | Zot:5    | Lost mutation: You have sharp fingernails. [potion of cure mutation]
 82189 | Zot:5    | Lost mutation: You are dopey. (Int -2) [potion of cure mutation]
 82190 | Zot:5    | Lost mutation: Your spells are a little easier to cast, but a little less powerful. [potion of cure mutation]
 82190 | Zot:5    | Lost mutation: You tend to lose your temper in combat. [potion of cure mutation]
 82190 | Zot:5    | Lost mutation: You are partially covered in icy blue scales. (AC +2) [potion of cure mutation]
 82190 | Zot:5    | Lost mutation: You have an increased reservoir of magic. (+10% MP) [potion of cure mutation]
 82194 | Zot:5    | Got the Orb of Zot
 82246 | Zot:5    | Noticed an orb of fire
 82251 | Zot:5    | Gained mutation: Scrolls take you a little longer to read. [an orb of fire]
 82264 | Zot:5    | Killed an orb of fire
 82265 | Zot:5    | Lost mutation: Scrolls take you a little longer to read. [potion of cure mutation]
 82395 | Zot:1    | Received a gift from Trog
 82478 | Depths:5 | Noticed Nuzux the pandemonium lord
 82665 | D:15     | Gained mutation: You are clumsy. (Dex -2) [a neqoxec]
 82743 | D:11     | Noticed Koifaext the pandemonium lord
 82845 | D:8      | Noticed Tuer Mod the pandemonium lord
 82910 | D:8      | HP: 14/323 [Tuer Mod the pandemonium lord/chain lightning (6)]
 82912 | D:8      | HP: 5/323 [Tuer Mod the pandemonium lord/chain lightning (3)]
 82912 | D:8      | Killed from afar by Tuer Mod the pandemonium lord

Skill      XL: |  1  2  3  4  5  6  7  8  9 10 11 12 13 14 15 16 17 18 19 20 21 22 23 24 25 26 27 |
---------------+----------------------------------------------------------------------------------+-----
Fighting       | 3 5 6 7 10 11 12 14 16 17 19 20 22 23 24 25 26 27 | 27.0
Maces & Flails | 1 2 4 5 6 9 10 12 15 17 18 19 20 21 22 24 25 | 25.1
Throwing       | 3 4 5 6 9 10 11 14 16 17 18 19 20 | 20.0
Dodging        | 2 3 5 7 9 10 12 13 14 15 16 17 18 20 | 20.7
Shields        | 2 |  2.1
Evocations     | 2 3 4 5 6 7 |  7.8
Armour         | 4 6 8 9 10 11 12 13 16 | 16.6
Stealth        | 13 | 13.8
Short Blades   | |  1.2

Action                   |  1- 3 |  4- 6 |  7- 9 | 10-12 | 13-15 | 16-18 | 19-21 | 22-24 | 25-27 || total
-------------------------+-------+-------+-------+-------+-------+-------+-------+-------+-------++-------
Melee: Dagger            |    61 |       |       |       |       |       |       |       |       ||    61
       Whip              |    11 |   121 |   296 |       |       |       |       |       |       ||   428
       Giant club        |       |       |   119 |   583 |    83 |       |       |       |   413 ||  1198
       Great mace        |       |       |       |       |  1466 |  1324 |  1099 |  1373 |   707 ||  5969
       Headbutt          |       |       |       |       |       |       |   146 |   441 |   642 ||  1229
       Giant spiked club |       |       |       |       |       |       |       |       |   702 ||   702
 Fire: Blowgun           |    44 |    40 |    64 |    54 |    12 |    23 |    53 |     1 |    62 ||   353
Throw: Tomahawk          |     3 |     5 |       |    33 |    12 |       |       |       |       ||    53
       Javelin           |       |       |       |    13 |       |       |       |       |       ||    13
       Large rock        |       |       |       |       |    79 |   177 |   161 |   402 |   558 ||  1377
       Throwing net      |       |       |       |       |     1 |       |     1 |       |       ||     2
Invok: Berserk           |       |       |     2 |     8 |     5 |     1 |     1 |     1 |       ||    18
       Trog's Hand       |       |       |       |     4 |     6 |     6 |    11 |    15 |    17 ||    59
       Burn Spellbooks   |       |       |       |     2 |     4 |     2 |     1 |     6 |     8 ||    23
       Brothers in Arms  |       |       |       |       |    10 |    20 |    14 |    25 |    13 ||    82
Evoke: Wand              |       |       |     9 |     2 |     2 |     4 |     1 |     4 |    22 ||    44
       Phial of floods   |       |       |     1 |     1 |       |       |     2 |     1 |     1 ||     6
       Box of beasts     |       |       |       |     4 |     2 |       |       |     1 |       ||     7
  Use: Scroll            |     5 |     5 |     4 |    11 |    19 |    17 |     6 |    12 |    36 ||   115
       Potion            |       |     1 |     1 |     2 |     2 |     9 |    12 |     9 |    22 ||    58
 Stab: Sleeping          |     3 |     7 |     3 |     5 |    10 |     2 |       |       |     1 ||    31
       Confused          |       |       |     5 |       |       |       |       |       |       ||     5
       Distracted        |       |       |     1 |     1 |     3 |     7 |     2 |     6 |     6 ||    26
       Paralysed         |       |       |       |       |     3 |    16 |    34 |     1 |    65 ||   119
       Held in net/web   |       |       |       |       |       |       |     1 |       |       ||     1
       Invisible         |       |       |       |       |       |       |       |     3 |       ||     3
  Eat: Chunk             |     3 |     7 |    14 |    20 |    32 |    16 |    27 |    27 |    48 ||   194
       Meat ration       |       |       |     2 |     2 |     5 |     5 |     1 |     3 |     3 ||    21
       Bread ration      |       |       |       |       |       |     3 |     1 |     2 |     2 ||     8
       Fruit             |       |       |       |       |       |       |       |     2 |     4 ||     6
       Pizza             |       |       |       |       |       |       |       |       |     1 ||     1
Armor: Robe              |    17 |    26 |    65 |    56 |    94 |       |       |       |       ||   258
       Troll leather arm |       |       |       |       |    30 |    64 |       |       |       ||    94
       Skin              |       |       |       |       |     1 |       |       |       |       ||     1
       Swamp dragon scal |       |       |       |       |       |    72 |       |       |       ||    72
       Fire dragon scale |       |       |       |       |       |       |   133 |   289 |   376 ||   798
Dodge: Dodged            |    36 |    43 |   139 |   366 |   789 |   866 |   479 |   805 |  1087 ||  4610
Block: Shield            |       |       |    58 |       |       |       |       |       |       ||    58
       Other             |       |       |       |    36 |    85 |    24 |       |       |       ||   145
       Reflection        |       |       |       |     1 |     5 |     3 |       |       |       ||     9
